 Dungeon Crawl Stone Soup version 0.30-a0-779-g7971cf19c3 (webtiles) character file.

Game seed: 432555319254413520

114 Dittersdorf the Covered (level 4, 0/29 HPs)
             Began as a Gargoyle Fighter on Feb 17, 2023.
             Slain by a gnoll
             ... wielding a +0 halberd
              (5 damage)
             ... on level 3 of the Dungeon.
             The game lasted 00:02:05 (1380 turns).

Dittersdorf the Covered (Gargoyle Fighter)          Turns: 1380, Time: 00:02:06

Health: 0/29       AC: 13    Str: 21    XL:     4   Next: 98%
Magic:  4/4        EV:  7    Int:  9    God:
Gold:   166        SH:  4    Dex:  9    Spells: 3/3 levels left

rFire   . . .      SeeInvis .    e - +2 whip (flame)
rCold   . . .      Faith    .    c - +0 buckler
rNeg    + . .      Spirit   .    h - +0 chain mail
rPois   ∞          Reflect  .    (no helmet)
rElec   +          Harm     .    (no cloak)
rCorr   .          Rampage  .    (no gloves)
Will    .....                    (no boots) Stlth
                                 i - amulet of magic regeneration
HPRegen 0.24/turn                (no ring)
MPRegen 0.49/turn                (no ring)

@: no status effects
A: sickness immunity, AC +3, negative energy resistance 1, electricity
resistance, torment resistance 1, petrification resistance
a: no special abilities


You were on level 3 of the Dungeon.
You visited 1 branch of the dungeon, and saw 3 of its levels.

You collected 166 gold pieces.

Inventory:

Hand Weapons
 a - a +0 flail
 e - a +2 whip of flaming (weapon)
Armour
 c - a +0 buckler (worn)
 h - a +0 chain mail (worn)
Jewellery
 i - an amulet of magic regeneration (around neck)
Scrolls
 k - a scroll of teleportation {unknown}
 m - 2 scrolls of blinking
 n - a scroll of vulnerability {unknown}
Potions
 d - 2 potions of might
 f - a potion of lignification {unknown}
 g - a potion of heal wounds {unknown}
 l - 3 potions of mutation
 p - 2 potions of curing


   Skills:
 + Level 4.1 Fighting
 + Level 3.0 Maces & Flails
 + Level 4.1 Armour
 + Level 4.1 Shields


You had 3 spell levels left.
You didn't know any spells.
Your spell library contained the following spells:

 Spells                   Type           Power      Damage    Failure   Level
 Lesser Beckoning         Tloc           0%         N/A       100%        2
 Gell's Gravitas          Tloc           0%         N/A       100%        3
 Teleport Other           Tloc           0%         N/A       100%        3


Dungeon Overview and Level Annotations

Branches:
Dungeon (3/15)

Altars:

Shops:
D:1 [


Innate Abilities, Weirdness & Mutations

You are immune to sickness and miasma.
Your stone body is resilient. (AC +3)
You are immune to poison.
You resist negative energy. (rN+)
You are resistant to electric shocks. (rElec)
You are resistant to unholy torment.
You are immune to petrification.


Message History

The ball python bites you but does no damage.
The ball python closely misses you.
You barely miss the ball python. The gnoll completely misses you.
The ball python bites you but does no damage.
The ball python grabs you. The ball python constricts you.
You whack the ball python! You burn the ball python.
You kill the ball python!
The gnoll hits you but does no damage.
Your Maces & Flails skill increases to level 3!
You hit the ball python. You burn the ball python.
The ball python is severely wounded.
The ball python bites you but does no damage.
The ball python closely misses you. The gnoll closely misses you.
You whack the ball python! You burn the ball python.
You kill the ball python!
The rat twitches its whiskers.
The gnoll hits you but does no damage.
You barely miss the rat. You block the gnoll's attack.
The rat bites you but does no damage.
You hit the rat. You burn the rat.
You kill the rat!
The gnoll hits you but does no damage.
You completely miss the ball python.
The ball python bites you but does no damage.
The ball python closely misses you. The gnoll hits you but does no damage.
You block the ball python's attack. The ball python grabs you.
The ball python constricts you.
You closely miss the ball python.
The gnoll hits you from afar with a +0 halberd.
* * * LOW HITPOINT WARNING * * *
The ball python bites you.
* * * LOW HITPOINT WARNING * * *
The ball python constricts you.
* * * LOW HITPOINT WARNING * * *
You hit the ball python. You burn the ball python.
You kill the ball python!
You block the gnoll's attack.
You barely miss the river rat. You block the river rat's attack.
The gnoll hits you from afar with a +0 halberd.
You die...

#.# #.# #.# #.# #.#
#.## #..##
##..####***********
##.@rr##,,,,,,,,,*
####g.#,,,,,,,,,*
##.......,,~~*
*#......~,~,*
*##..~~~~~~*
*,.~~*++**
*,~.~*~~~*
*,~,~*~∩~*
*,,,~*~~~*


You could see a gnoll, a river rat and a rat.

Vanquished Creatures
  3 gnolls (D:3)
  3 adders (D:2)
  2 dart slugs
  5 ball pythons
  4 bats
  6 endoplasms (D:1)
  2 giant cockroaches (D:1)
  6 goblins
  A hobgoblin (D:2)
  5 jackals (D:1)
  7 frilled lizards
  4 kobolds
  5 rats
53 creatures vanquished.

Notes
Turn   | Place    | Note
-------+----------+-------------------------------------------
     0 | D:1      | Dittersdorf the Gargoyle Fighter began the quest for the
                  | Orb.
     0 | D:1      | Reached XP level 1. HP: 14/14 MP: 1/1
    57 | D:1      | Reached XP level 2. HP: 6/19 MP: 2/2
   441 | D:1      | Reached XP level 3. HP: 14/23 MP: 3/3
   480 | D:1      | Found Nuv Bell's Armour Shop.
   752 | D:2      | Reached XP level 4. HP: 29/29 MP: 4/4
  1087 | D:2      | Found a faded altar of an unknown god.
  1380 | D:3      | Slain by a gnoll

Illustrated notes

Levels and vault maps discovered:
D:1:      nzn_arrival_crosshair, layout_basic, serial_shops, shop
D:2:      layout_loops_ring, chequers_ecumenical_altar_simple_redux
D:3:      cheibrodos_pilgrimage, layout_loops_ring, nicolae_uskayaw_dance_hall,
          lemuel_doored_altar, portal_sewer_entry_e,
          chequers_serial_rivers_marsh, grunt_decor_arrowhead,
          minmay_misc_feat_chi, minmay_misc_feat_alley

Skill      XL: |  1  2  3  4 |
---------------+-------------+-----
Armour         | 4 |  4.1
Fighting       | 4 |  4.1
Shields        | 4 |  4.1
Maces & Flails | 3 |  3.0

Action                     |  1- 3 |  4- 6 || total
---------------------------+-------+-------++-------
  Melee: Flail             |    27 |       ||    27
         Whip              |    78 |    31 ||   109
    Use: Scroll            |       |     5 ||     5
 Armour: Scale mail        |    24 |       ||    24
         Chain mail        |    38 |    26 ||    64
  Dodge: Dodged            |    47 |    18 ||    65
  Block: Buckler           |    14 |     9 ||    23

Table legend: (Time is in decaauts)
 A = Elapsed time spent in this place.
 B = Non-inter-level travel time spent in this place.
 C = Inter-level travel time spent in this place.
 D = Time resting spent in this place.
 E = Time spent auto-exploring this place.
 F = Levels seen in this place.
 G = Mean time per level.
                   A        B        C        D        E       F      G
               +--------+--------+--------+--------+--------+-----+--------+
         Total |   1389 |   1363 |     26 |     51 |    972 |   3 |  463.0 |
       Dungeon |   1389 |   1363 |     26 |     51 |    972 |   3 |  463.0 |
               +--------+--------+--------+--------+--------+-----+--------+

Top non-repeatable levels by time:
     D:1: 709 daAuts
     D:2: 597 daAuts
     D:3: 81 daAuts
